[Event "Early-Titled-Tuesday-Blitz-January-23-2024"]
[Site "Chess.com"]
[Date "2024.01.23"]
[Round "9"]
[White "Manukyan_Artak"]
[Black "only_strong_moves"]
[Result "1-0"]
[WhiteElo "2514"]
[BlackElo "2597"]
[TimeControl "180+1"]
[EndTime "9:45:59 PST"]
[Termination "Manukyan_Artak won by checkmate"]

1. e4 e5 2. Nf3 Nc6 3. d4 exd4 4. Nxd4 Nf6 5. Nxc6 bxc6 6. e5 Qe7 7. Qe2 Nd5 8. c4 Ba6 9. b3 f6 10. exf6 Nxf6 11.
Bb2 Qxe2+ 12. Bxe2 Bb4+ 13. Nc3 Ne4 14. Rc1 O-O 15. O-O Rae8 16. Nxe4 Rxe4 17. Bf3 Re7 18. a3 Bd6 19. Rfe1 Rfe8 20. Rxe7 Rxe7 21. g3 Be5 22. Re1 Bf6 23. Rxe7 Bxe7 24. a4 Kf7 25. Be4 g6 26. f4 Ke6 27. Kf2 Bc5+ 28. Kf3 d5 29. Bd3 Bc8 30. g4 Kf7 31. Be5 Bd6 32. Bxd6 cxd6 33. cxd5 cxd5 34. b4 d4 35. g5 Bb7+ 36. Be4 d5 37.
Bd3 a6 38. a5 Ke6 39. h4 Bc8 40. h5 gxh5 41. Bxh7 Kd6 42. Bd3 h4 43. f5 Ke5 44. f6 Be6 45. Bxa6 Kf5 46. Bd3+ Kxg5 47. a6 Bg4+ 48. Kf2 Kxf6 49. a7 Ke5 50. a8=Q Kf4 51.
Qf8+ Kg5 52. Qe7+ Kf4 53. Qf6+ Bf5 54. Qxf5# 1-0

[Event "Early-Titled-Tuesday-Blitz-January-23-2024"]
[Site "Chess.com"]
[Date "2024.01.23"]
[Round "9"]
[White "simonachess"]
[Black "Actuary44"]
[Result "1-0"]
[WhiteElo "2361"]
[BlackElo "2484"]
[TimeControl "180+1"]
[EndTime "9:45:59 PST"]
[Termination "simonachess won by resignation"]

1. d4 Nf6 2. c4 g6 3. Nc3 Bg7 4. e4 d6 5. Be2 O-O 6. Bg5 c5 7. d5 Na6 8. h3 Nc7 9. Nf3 a6 10. a4 Rb8 11. a5 b5 12. axb6 Rxb6 13. Ra2 Bd7 14. O-O h6 15. Bf4 Qb8 16. Qc2 e5 17.
dxe6 Nxe6 18. Be3 Qb7 19. Nd5 Nxd5 20. exd5 Nc7 21. Bf4 g5 22. Bc1 f5 23. Bd3 g4 24.
hxg4 fxg4 25. Nh4 Be8 26. Nf5 Rf6 27. Nxg7 Kxg7 28. Bd2 Bg6 29. Bc3 Bxd3 30. Qxd3 Ne8 31. Re1 Qf7 32. Qf5 Kf8 33. Rxe8+ Kxe8 34. Qxf6 Qxf6 35. Bxf6 Kf7 36. Bc3 Kg6 37. Kh2 Kf5 38. Kg3 Ke4 39. Kxg4 Kd3 40. Ra4 a5 41. f4 Rb8 42. Rxa5 Kxc4 43. f5 Kxd5 44. f6 Ke6 45.
Ra7 Rg8+ 46. Kf3 d5 47. Re7+ Kd6 48. Be5+ Kc6 49. f7 Rf8 50. Bg7 1-0

[Event "Early-Titled-Tuesday-Blitz-January-23-2024"]
[Site "Chess.com"]
[Date "2024.01.23"]
[Round "9"]
[White "verrbaa"]
[Black "alekroth65"]
[Result "1-0"]
[WhiteElo "2489"]
[BlackElo "2340"]
[TimeControl "180+1"]
[EndTime "9:45:59 PST"]
[Termination "verrbaa won on time"]

1. e4 d6 2. d4 Nf6 3. Nc3 g6 4. Be3 c6 5. Qd2 b5 6. a3 Nbd7 7. Nf3 Ng4 8. Bg5 h6 9. Bh4 Bb7 10. h3 Ngf6 11. e5 dxe5 12. dxe5 Nh5 13. g4 Ng7 14.
O-O-O Ne6 15. Ne4 g5 16. Bg3 a6 17. h4 c5 18. Qe3 gxh4 19. Nxh4 Qa5 20. Bg2 b4 21. Nd6+ exd6 22. Bxb7 Rb8 23. Bd5 bxa3 24. Qxa3 Qxa3 25. bxa3 Nxe5 26. Bxe5 dxe5 27. Nf5 Be7 28. c3 Bg5+ 29. Kc2 Nf4 30. Nd6+ Ke7 31. Nxf7 Nxd5 32.
Nxh8 Nf4 33. Rhe1 Rxh8 34. Rxe5+ Kf6 35. Rxc5 Re8 36. Rd6+ Kg7 37. Rc7+ Kh8 38. Rxa6 Nd5 39. Rc5 Nf4 40. a4 Kg7 41. Rc7+ Kf8 42. a5 Ne6 43.
Rcc6 Kf7 44. Ra7+ Kf6 45. Rb7 1-0

[Event "Early-Titled-Tuesday-Blitz-January-23-2024"]
[Site "Chess.com"]
[Date "2024.01.23"]
[Round "9"]
[White "Mops_2004"]
[Black "ukchessbomber"]
[Result "0-1"]
[WhiteElo "2841"]
[BlackElo "2698"]
[TimeControl "180+1"]
[EndTime "9:46:01 PST"]
[Termination "ukchessbomber won by resignation"]

1. Nf3 b5 2. g3 Bb7 3. Bg2 Nf6 4.
O-O g6 5. Na3 a6 6. c4 b4 7. Nc2 a5 8. b3 Bg7 9. a3 c5 10. Bb2 O-O 11. axb4 axb4 12. Rxa8 Bxa8 13. d4 d6 14. Qa1 Be4 15. Ne3 Nbd7 16. d5 Qa8 17.
Bh3 Bxf3 18. exf3 Qb7 19. Qa4 Ra8 20. Qc6 Qxc6 21. dxc6 Nb6 22. c7 e6 23. Rd1 Ne8 24. Bxg7 Kxg7 25. f4 Ra3 26. Rd3 Ra7 27. Rd1 Nc8 28. Bg2 Rxc7 29. h4 h5 30. Ra1 Ra7 31. Rxa7 Nxa7 32. Bb7 Kf8 33. Kf1 Ke7 34. Ke2 Nf6 35.
f3 Kd7 36. Be4 Nxe4 37. fxe4 Nc6 38. Nc2 Na5 39. Na1 d5 40. exd5 exd5 41. cxd5 Kd6 42. Kd3 Kxd5 43. Kc2 Kd4 44. Kb2 Ke3 45. Nc2+ Kf3 46.
Ne1+ Kxg3 47. Nd3 Nb7 48. Ne5 Nd6 49. Nd3 Kxh4 50. Nxc5 Kg3 51. Nd3 h4 0-1

[Event "Early-Titled-Tuesday-Blitz-January-23-2024"]
[Site "Chess.com"]
[Date "2024.01.23"]
[Round "9"]
[White "Orphanator2009"]
[Black "Crazy_girl99"]
[Result "0-1"]
[WhiteElo "2470"]
[BlackElo "2606"]
[TimeControl "180+1"]
[EndTime "9:46:01 PST"]
[Termination "Crazy_girl99 won by resignation"]

1. e4 e5 2. Nf3 Nc6 3. Nc3 Nf6 4. d4 exd4 5. Nxd4 Bb4 6. Nxc6 bxc6 7. Bd3 d5 8. exd5 O-O 9. O-O cxd5 10. h3 c6 11. Qf3 Bd6 12. Bf4 Rb8 13. b3 Rb4 14.
Bxd6 Qxd6 15. Ne2 Re8 16. Rfe1 Bd7 17. Qg3 Qxg3 18. Nxg3 g6 19. Nf1 a5 20. Rxe8+ Nxe8 21. Re1 Kf8 22. Nd2 Nd6 23. Nf3 f6 24. Rb1 c5 25.
Nd2 c4 26. bxc4 Rxb1+ 27. Nxb1 dxc4 28. Be2 Bf5 29. Na3 c3 30. Kf1 Be6 31. Nb1 Ne4 32.
Bd3 Bxa2 33. Na3 Nc5 34. Ke2 Bd5 35. g3 Ke7 36. Nb5 Na4 37. Ke3 Bc6 38. Kd4 Bd7 39. Nxc3 Nxc3 40. Kxc3 Bxh3 41. Kc4 Bd7 42. Kc5 f5 43. c3 g5 44. f4 gxf4 45. gxf4 h5 46. Bf1 h4 47. Bh3 a4 48. Kb4 Kd6 49. c4 Ke6 50.
Bg2 Kf6 51. Bh3 Kg6 52. Bg2 Kh5 53. Bh3 Kg6 54. Bg2 Kg7 55. Bh3 Kf6 56. Bg2 Kg6 57.
Bf1 Bc6 58. Bh3 Kf6 59. Bf1 Ke6 60. Bh3 Bd7 61. Bf1 Kd6 62. Bh3 a3 63. Kxa3 Kc5 64.
Kb3 Kd4 65. Kb4 Ke4 66. c5 Kxf4 67. Kc4 Kg3 68. Bf1 f4 69. Kd3 Bb5+ 0-1

[Event "Early-Titled-Tuesday-Blitz-January-23-2024"]
[Site "Chess.com"]
[Date "2024.01.23"]
[Round "9"]
[White "Akylbek2021"]
[Black "RantomOpening"]
[Result "0-1"]
[WhiteElo "2277"]
[BlackElo "2521"]
[TimeControl "180+1"]
[EndTime "9:46:01 PST"]
[Termination "RantomOpening won on time"]

1. e4 c5 2. Nf3 e6 3. d4 cxd4 4.
Nxd4 Nf6 5. Bd3 Nc6 6. Nb3 d5 7.
exd5 exd5 8. O-O Bd6 9. Re1+ Be6 10. Nc3 O-O 11. h3 h6 12. Nb5 Bb4 13. Bd2 Be7 14. N5d4 Qd7 15. Qe2 Ne4 16. Bxe4 dxe4 17. Nxe6 Qxe6 18.
Qxe4 Qxe4 19. Rxe4 Bf6 20. c3 Ne5 21. Rae1 Nd3 22.
Rb1 Rad8 23. Be3 a6 24. Bd4 Bg5 25. Kf1 f5 26. Re6 Nf4 27. Ree1 Kf7 28. h4 Be7 29. Bxg7 Rg8 30. Bxh6 Nxg2 31. Rxe7+ Kxe7 32. Bg5+ Rxg5 33. hxg5 Nf4 34. Nd4 Rg8 35. Nxf5+ Kf8 36. Nd6 Rxg5 37. Nxb7 Rh5 38. Kg1 Rg5+ 39. Kh2 Rg2+ 40. Kh1 Rxf2 41. a4 Nd3 42. b4 Ke7 43. Nc5 Nxc5 44. bxc5 Rf4 45.
Rb7+ Kd8 46. Rb4 Rf3 47. Rc4 Kc7 48. Kg2 Rd3 49. Kf2 Kc6 50. Ke2 Rh3 51. Rg4 Kxc5 52. Kd2 Rh2+ 53. Kd3 Ra2 0-1

[Event "Early-Titled-Tuesday-Blitz-January-23-2024"]
[Site "Chess.com"]
[Date "2024.01.23"]
[Round "9"]
[White "rasmussvane"]
[Black "I_am_Javi"]
[Result "0-1"]
[WhiteElo "2988"]
[BlackElo "2814"]
[TimeControl "180+1"]
[EndTime "9:46:02 PST"]
[Termination "I_am_Javi won on time"]

1. Nf3 Nf6 2. g3 g6 3. Bg2 Bg7 4. O-O O-O 5. d4 d5 6. c4 c6 7.
Qb3 Nbd7 8. Nc3 dxc4 9. Qxc4 Nb6 10. Qd3 Nfd7 11. Bf4 h6 12. e4 g5 13. Be3 e5 14.
Rad1 Qe7 15. d5 cxd5 16. Nxd5 Nxd5 17. Qxd5 Nb6 18. Qa5 Nc4 19. Qc5 Qe6 20. b3 Nxe3 21.
Qxe3 Bd7 22. Nd2 Bb5 23. Rfe1 Rfd8 24. Bf1 Bxf1 25. Nxf1 Rd4 26. Qf3 Rad8 27. Ne3 Qc6 28. Nd5 Qc2 29. a4 g4 30. Nf6+ Bxf6 31. Qxg4+ Kf8 32. Rc1 Qxb3 33. Kg2 Qe6 34. Qf3 R8d7 35. h4 Rd3 36. Qh5 Bg7 37. Rc8+ Ke7 38. Rec1 Qg6 39.
Qe2 Rd2 40. Qe3 R2d4 41. Qa3+ R4d6 42. Rb8 Qxe4+ 43. Kh2 Qe2 44. Kg2 e4 45. Rcc8 Bd4 46.
Re8+ Kf6 47. Rxe4 Qxe4+ 48. Kh2 Qe2 49. Kh3 Qxf2 0-1

[Event "Early-Titled-Tuesday-Blitz-January-23-2024"]
[Site "Chess.com"]
[Date "2024.01.23"]
[Round "9"]
[White "kekic76"]
[Black "Maxfan2008"]
[Result "0-1"]
[WhiteElo "2344"]
[BlackElo "2532"]
[TimeControl "180+1"]
[EndTime "9:46:03 PST"]
[Termination "Maxfan2008 won on time"]

1. e4 c5 2. Nf3 d6 3. d4 cxd4 4. Nxd4 Nf6 5. Nc3 a6 6. f3 e5 7.
Nb3 Be6 8. Bg5 Nbd7 9. Be2 Be7 10. O-O O-O 11. Qd2 Rc8 12. Bxf6 Nxf6 13. Nd5 Nxd5 14. exd5 Bf5 15. c4 Bg5 16. Qa5 Be3+ 17. Kh1 Qh4 18.
g3 Qh6 19. Qc3 b5 20. Na5 Bd4 21. Qb3 Bh3 22. Rfd1 bxc4 23. Nxc4 Rb8 24. Qc2 Rfc8 25. Rab1 Qf6 26. b3 Rc5 27. Qd2 Rxd5 28. Ne3 Rc5 29. f4 Bd7 30. Bf3 Bc6 31. Bxc6 Rxc6 32. Nd5 Qe6 33. Qg2 Rbc8 34. f5 Qd7 35. f6 Rc2 36.
Qf3 e4 37. Ne7+ Kh8 38. Qxe4 Re8 39. fxg7+ Bxg7 40. Qxc2 Qxe7 0-1

[Event "Early-Titled-Tuesday-Blitz-January-23-2024"]
[Site "Chess.com"]
[Date "2024.01.23"]
[Round "9"]
[White "DrCeltic"]
[Black "Kotlyar_K"]
[Result "1-0"]
[WhiteElo "2610"]
[BlackElo "2496"]
[TimeControl "180+1"]
[EndTime "9:46:05 PST"]
[Termination "DrCeltic won by resignation"]

1. e4 e5 2. Nf3 Nc6 3. Bb5 a6 4. Ba4 Nf6 5. O-O Be7 6. Re1 b5 7. Bb3 O-O 8. a4 b4 9. d3 d6 10. Bg5 Na5 11. Ba2 Be6 12. Nbd2 Bxa2 13. Rxa2 Ng4 14. Bxe7 Qxe7 15. h3 Nf6 16. Nc4 Nxc4 17. dxc4 a5 18. Nh2 Nd7 19. Nf1 Nc5 20. Ra1 Rad8 21. Qd5 Qd7 22. b3 c6 23. Qd2 Ne6 24. c3 bxc3 25. Qxc3 Rb8 26. Red1 Qc7 27. Rab1 Nd4 28.
Rxd4 exd4 29. Qxd4 Rfd8 30. Ne3 Qb6 31. Qc3 Qc7 32.
Nf5 f6 33. Rd1 Rb4 34. Rd3 Rb7 35. Rg3 Qb8 36. Qxf6 Rdd7 37. Qe6+ Kh8 38. Nh4 Qg8 39. Qg4 g6 40. Nf3 Qe8 41. Ng5 Re7 42. Qh4 Rbd7 43. Rf3 d5 44. Qh6 Rg7 45. Nxh7 Kg8 46. Nf6+ Kf7 47.
Nxe8+ Kxe8 48. exd5 cxd5 49. Qh8+ Ke7 50. Qxg7+ Kd6 1-0

[Event "Early-Titled-Tuesday-Blitz-January-23-2024"]
[Site "Chess.com"]
[Date "2024.01.23"]
[Round "9"]
[White "doctorcristian"]
[Black "MatthewG-p4p"]
[Result "0-1"]
[WhiteElo "2618"]
[BlackElo "2880"]
[TimeControl "180+1"]
[EndTime "9:46:06 PST"]
[Termination "MatthewG-p4p won by checkmate"]

1. d4 Nf6 2. Nc3 d5 3. Bf4 c5 4. e3 Bg4 5. f3 Bd7 6. g4 h6 7. a3 Nc6 8. Bb5 e6 9. Nge2 Qb6 10.
O-O a6 11. Bxc6 Bxc6 12. Rb1 Rc8 13. Kg2 Be7 14. Bg3 Nd7 15. Nf4 Bf6 16. Nh5 cxd4 17. Nxf6+ gxf6 18. exd4 h5 19. h3 Nf8 20. Re1 Kd7 21.
Qd2 Ng6 22. Ne2 Ba4 23. Rec1 hxg4 24. hxg4 Bb5 25. Nf4 Nxf4+ 26. Qxf4 Ke7 27. Qd2 Bd7 28. c3 Ba4 29. Rh1 Kd7 30. Rxh8 Rxh8 31. Re1 Ke7 32. Re2 Bb5 33. Rf2 Bd7 34. g5 fxg5 35.
Qxg5+ Kf8 36. Bh4 Rg8 37. Kh2 Rxg5 38. Bxg5 Qd6+ 39. f4 Qb6 40. Kg3 Qb5 41. Kg4 Qd3 42. Rh2 f6 43. Bh4 Qg6+ 44. Kf3 Bb5 45. Rf2 Qe4+ 46.
Kg3 Qg6+ 47. Kh2 Bd3 48. Bg3 Qh5+ 49. Kg2 Be4+ 50. Kf1 Qd1# 0-1

[Event "Early-Titled-Tuesday-Blitz-January-23-2024"]
[Site "Chess.com"]
[Date "2024.01.23"]
[Round "9"]
[White "Harry_Rakkel"]
[Black "Yurasova_Daria"]
[Result "1-0"]
[WhiteElo "2666"]
[BlackElo "2481"]
[TimeControl "180+1"]
[EndTime "9:46:06 PST"]
[Termination "Harry_Rakkel won by checkmate"]

1. e4 e5 2. Nf3 Nc6 3. Bc4 Bc5 4.
O-O Nf6 5. d3 d6 6. c3 a6 7. Bb3 Ba7 8. Nbd2 h6 9. Nc4 Qe7 10.
Re1 Bg4 11. Be3 Bxe3 12. Nxe3 Be6 13. d4 Bxb3 14. Qxb3 O-O 15. Nd5 Qd8 16. Qxb7 Nxd5 17. exd5 Ne7 18. dxe5 Rb8 19. Qxa6 Rxb2 20. c4 Nf5 21. Qa3 Qb8 22. Qd3 Qb6 23. Rf1 Ne7 24. Rab1 Ra8 25. exd6 cxd6 26. a3 Ng6 27. g3 Re8 28. Rxb2 Qxb2 29. Rb1 Qf6 30. a4 h5 31. h4 Ra8 32. Qb3 Ne7 33. Re1 Nf5 34. Kg2 Nh6 35.
Qb5 Ng4 36. Re8+ Rxe8 37. Qxe8+ Kh7 38. Ng5+ Kg6 39. Qe4+ Qf5 40. Qxf5+ Kxf5 41. a5 Ne5 42. a6 Nd7 43. a7 Nb6 44. Nxf7 Kf6 45. Nxd6 Ke5 46.
Nc8 Na8 47. d6 Ke6 48. c5 Kd7 49. Nb6+ Nxb6 50. cxb6 Kxd6 51. a8=Q Ke7 52. b7 Kf6 53. b8=Q g5 54. Qd6+ Kf7 55. Qb7+ Ke8 56. Qdb8# 1-0

[Event "Early-Titled-Tuesday-Blitz-January-23-2024"]
[Site "Chess.com"]
[Date "2024.01.23"]
[Round "9"]
[White "Carlitus2004"]
[Black "PawnEatingZombie"]
[Result "1-0"]
[WhiteElo "2387"]
[BlackElo "2112"]
[TimeControl "180+1"]
[EndTime "9:46:08 PST"]
[Termination "Carlitus2004 won on time"]

1. e4 e6 2. d4 d5 3. exd5 exd5 4.
Nf3 Nf6 5. h3 c5 6. Bb5+ Nc6 7. O-O Be7 8. dxc5 O-O 9. Be3 Qa5 10.
Bxc6 bxc6 11. a3 Re8 12. Nbd2 Qc7 13. b4 a5 14. Nb3 axb4 15. axb4 Bf5 16. Na5 Bd7 17.
Qd4 Ne4 18. Qb2 Rab8 19. Bd4 Bxc5 20. Bxc5 Nxc5 21. Qd4 Ne4 22. Rfe1 Qb6 23. c3 Qxd4 24. Nxd4 c5 25. bxc5 Nxc5 26. Nac6 Rxe1+ 27. Rxe1 Ra8 28. Ne7+ Kf8 29. Nxd5 Be6 30. Nxe6+ Nxe6 31. Rc1 Rc8 32.
c4 Nc5 33. Ne3 Ra8 34. Rd1 Ra2 35. Rd4 g6 36. g4 h6 37. h4 Re2 38. Kf1 Ra2 39. Kg2 Ne6 40. Re4 Ra1 41. Kf3 Rc1 42.
Re5 Nd4+ 43. Ke4 Ne2 44. c5 Nc3+ 45. Kd3 Nb5 46. c6 Nc7 47. Nc4 Ne6 48. Rxe6 fxe6 49.
c7 Rd1+ 50. Ke4 1-0

[Event "Early-Titled-Tuesday-Blitz-January-23-2024"]
[Site "Chess.com"]
[Date "2024.01.23"]
[Round "9"]
[White "Grandelicious"]
[Black "Korchmar_Vasiliy"]
[Result "1-0"]
[WhiteElo "2900"]
[BlackElo "2725"]
[TimeControl "180+1"]
[EndTime "9:46:09 PST"]
[Termination "Grandelicious won on time"]

1. Nf3 d5 2. e3 Nf6 3. c4 c6 4. Qc2 e6 5. b3 Bd6 6. Bb2 O-O 7. d4 Nbd7 8. Bd3 Re8 9. Ne5 Qc7 10.
f4 b6 11. O-O Bb7 12. Nc3 Rac8 13. Rac1 h6 14. Qe2 Qd8 15. cxd5 exd5 16. Qf3 c5 17. Ne2 Ne4 18. Bxe4 dxe4 19. Qh3 Ba6 20. Qxd7 Qxd7 21. Nxd7 Bxe2 22. Rfe1 Bb5 23. dxc5 bxc5 24. Ne5 a5 25. Nc4 Bf8 26. Bc3 a4 27. Nb6 Rc6 28. Nxa4 c4 29.
Nb2 cxb3 30. axb3 Ba3 31. Bd4 Rec8 32. Rxc6 Rxc6 33. Ra1 Bb4 34. h3 Bd2 35. Rd1 Bb4 36.
Ra1 Bd2 37. Kh2 Rc2 38. Ra8+ Kh7 39. Ra7 Kg6 40. f5+ Kxf5 41. Rxf7+ Ke6 42. Rxg7 Bxe3 43. Bxe3 Rxb2 44. Rg6+ Kd5 45. Rxh6 Rxb3 46. Rh5+ Kc4 47. Bf4 e3 48. Re5 1-0

[Event "Early-Titled-Tuesday-Blitz-January-23-2024"]
[Site "Chess.com"]
[Date "2024.01.23"]
[Round "9"]
[White "Sadykov_Ramil"]
[Black "baki83"]
[Result "0-1"]
[WhiteElo "2603"]
[BlackElo "2828"]
[TimeControl "180+1"]
[EndTime "9:46:09 PST"]
[Termination "baki83 won on time"]

1. e4 c5 2. Nf3 Nc6 3. Bb5 e5 4. O-O Nge7 5. d3 g6 6. Bg5 Bg7 7. Nc3 f6 8. Be3 d6 9. Nd2 O-O 10. Bc4+ Kh8 11. a4 f5 12. Bg5 h6 13. Bxe7 Qxe7 14.
Nd5 Qd8 15. c3 f4 16. f3 g5 17. h3 h5 18. b4 cxb4 19. Nxb4 Nxb4 20. cxb4 Qb6+ 21.
Kh1 g4 22. Qe1 Bf6 23. Qf2 Qxb4 24. Rab1 Qxa4 25. hxg4 hxg4 26. g3 Kg7 27. Kg2 gxf3+ 28. Qxf3 Qd7 29. Rh1 Qg4 30. Bd5 Qxg3+ 31. Qxg3+ fxg3 32.
Bxb7 Bxb7 33. Rxb7+ Rf7 34. Rh7+ Kxh7 35. Rxf7+ Kg6 36. Rb7 a5 37. Rb2 Bg5 38. Nc4 Bf4 39. Nxd6 Rh8 40. Kf3 Rh2 41. Rxh2 gxh2 42. Kg2 a4 43. Nc4 Kg5 44. Na3 Kf6 45. Nc4 Ke7 46. Na3 Kd6 47. Nc2 Kc5 48. Kh1 Bc1 49. Kg2 a3 0-1

[Event "Early-Titled-Tuesday-Blitz-January-23-2024"]
[Site "Chess.com"]
[Date "2024.01.23"]
[Round "9"]
[White "GMSrinath"]
[Black "MITerryble"]
[Result "0-1"]
[WhiteElo "2834"]
[BlackElo "3007"]
[TimeControl "180+1"]
[EndTime "9:46:13 PST"]
[Termination "MITerryble won by resignation"]

1. d4 e6 2. c4 Bb4+ 3. Bd2 Bxd2+ 4. Qxd2 Nf6 5. g3 d6 6. Bg2 O-O 7. Nc3 e5 8. Nf3 Qe7 9. dxe5 dxe5 10. Nd5 Nxd5 11.
cxd5 c6 12. O-O Rd8 13. Qc3 e4 14. Nd4 cxd5 15. Rac1 Nc6 16. Nxc6 bxc6 17. Qxc6 Be6 18. Qa4 Rab8 19. b3 f5 20. e3 d4 21. exd4 Rb4 22.
Qa5 Rbxd4 23. Rc7 R4d7 24. Rxd7 Rxd7 25. Rc1 Rd5 26. Qc3 Rd3 27. Qc2 Qd6 28. Bf1 Rd2 29. Qc6 Qxc6 30. Rxc6 Bd7 31. Rc7 a5 32. h4 Kf8 33.
Ra7 a4 34. bxa4 Rd1 35. Kg2 Bc6 36. Bc4 e3+ 37. f3 Rd2+ 38. Kg1 g6 39. Rf7+ Ke8 40. Rf6 Kd7 41. Re6 Rd1+ 42. Kg2 Rd2+ 43. Kg1 Rc2 44. Bb3 Rc3 45. Re5 Kd6 46. a5 Kxe5 0-1

[Event "Early-Titled-Tuesday-Blitz-January-23-2024"]
[Site "Chess.com"]
[Date "2024.01.23"]
[Round "9"]
[White "RandomNoob04"]
[Black "MightyGMpretender"]
[Result "0-1"]
[WhiteElo "2574"]
[BlackElo "2747"]
[TimeControl "180+1"]
[EndTime "9:46:13 PST"]
[Termination "MightyGMpretender won by checkmate"]

1. e4 c5 2. d4 cxd4 3. c3 dxc3 4. Nxc3 Nc6 5. Nf3 e6 6. Bc4 a6 7. O-O Nge7 8. Bg5 h6 9. Be3 b5 10. Bb3 Ng6 11. Nd5 Rb8 12. Rc1 Be7 13. Nxe7 Ncxe7 14. Qd6 Rb7 15. Rfd1 O-O 16. h4 Re8 17. h5 Nf8 18.
Ne5 a5 19. a3 a4 20. Ba2 Qa5 21. Rd3 b4 22. Bd2 f6 23. Nc4 Qxh5 24. Bxb4 Nc6 25. Bc3 Rb5 26. Qc7 Rg5 27. Nd6 Qg6 28. g3 h5 29.
Nxe8 Qxe8 30. Bd2 Rg4 31. Re1 h4 32. Bb1 hxg3 33. Rxg3 Rxg3+ 34. Qxg3 Bb7 35. Bc3 Ne7 36. Bxf6 Neg6 37. Bc3 Qf7 38. Bd3 Nf4 39. Bf1 N8g6 40. Bd2 Bc6 41. f3 Nh5 42. Qh2 Ngf4 43. Bxf4 Nxf4 44.
Rc1 Qg6+ 45. Kh1 Qg5 46. Rd1 Nh5 47. Bc4 Ng3+ 48. Kg2 Nxe4+ 49. Kf1 Ng3+ 50. Kf2 Nf5 51. Rg1 Qe3+ 52. Kf1 Qxf3+ 53. Qf2 Ne3+ 54. Ke1 Qd1# 0-1

[Event "Early-Titled-Tuesday-Blitz-January-23-2024"]
[Site "Chess.com"]
[Date "2024.01.23"]
[Round "9"]
[White "wild3000"]
[Black "aghasiyevkamal"]
[Result "0-1"]
[WhiteElo "2456"]
[BlackElo "2629"]
[TimeControl "180+1"]
[EndTime "9:46:16 PST"]
[Termination "aghasiyevkamal won by resignation"]

1. d4 d5 2. Nf3 Nf6 3. c4 e6 4.
Nc3 Be7 5. e3 O-O 6. a3 a6 7. b4 dxc4 8. Bxc4 b5 9. Bd3 Bb7 10.
O-O Nbd7 11. Bb2 e5 12. Qc2 Bxf3 13. gxf3 exd4 14. exd4 Bd6 15. Kh1 Nh5 16. Ne4 Bf4 17. Ng3 Qh4 18. Bxh7+ Kh8 19. Bf5 Bxg3 20. fxg3 Nxg3+ 21.
Kg2 Nxf1 22. Rxf1 Nf6 23. Bc1 Rae8 24. Rf2 Nd5 25. Be4 Nf4+ 26. Bxf4 Qxf4 27. Qc6 Re6 28. Qc5 Kg8 29. Rc2 c6 30. Qh5 Rh6 31. Qg4 Rxh2+ 32. Kf1 Qxg4 33. fxg4 Rxc2 34. Bxc2 Rd8 35. Be4 Rd6 36.
Ke2 Kf8 37. Ke3 Ke7 38. g5 Ke6 39. Bc2 Rd7 40. Bb3+ Kd6 41. Kf4 Re7 42. Kf3 f6 43. g6 a5 44. bxa5 Ra7 45. a4 b4 46. Ke4 Rxa5 47.
Kd3 Rg5 48. Bf7 c5 49. Kc4 Rg4 50. a5 cxd4 51. Kxb4 Kc6 52. a6 Kb6 53. Bc4 d3 54.
Kc3 Rxc4+ 55. Kxc4 d2 56. Kd5 d1=Q+ 57. Ke6 Kxa6 58. Kf7 Qd7+ 59. Kg8 Qe7 60. Kh8 f5 61. Kg8 f4 0-1

[Event "Early-Titled-Tuesday-Blitz-January-23-2024"]
[Site "Chess.com"]
[Date "2024.01.23"]
[Round "9"]
[White "GeorgiosSouleidis"]
[Black "rhungaski"]
[Result "0-1"]
[WhiteElo "2627"]
[BlackElo "2525"]
[TimeControl "180+1"]
[EndTime "9:46:16 PST"]
[Termination "rhungaski won by resignation"]

1. e4 e6 2. d4 d5 3. Nc3 Bb4 4. Ne2 dxe4 5. a3 Be7 6. Nxe4 Nf6 7. N2g3 Nc6 8. c3 Nxe4 9. Nxe4 Qd5 10. Qf3 b6 11. Bd3 Bb7 12. Be3 O-O-O 13. O-O Ne5 14. dxe5 Qxd3 15. Nd6+ Bxd6 16. Qxf7 Qe4 17. Qxe6+ Kb8 18.
Qh3 Bxe5 19. Rfe1 Qd5 20. Bg5 Bxh2+ 21. Qxh2 Qxg5 22. Re5 Qf6 23. Rae1 Rhf8 24. Qg3 Bc8 25. Re7 Rd7 26. R7e6 Qf7 27. R6e3 h6 28. Rf3 Qg8 29.
Rfe3 Rfd8 30. Qg6 Rd1 31. Rxd1 Rxd1+ 32. Kh2 Qd5 33. Re7 Rd2 34. Qg3 Qd6 35. Rxg7 Rxf2 36. b4 Qxg3+ 37. Kxg3 Rc2 38. Kh4 Rxc3 39. Kh5 Rxa3 40. Kxh6 Rb3 41. g4 Rxb4 42. g5 Rh4+ 43. Kg6 Rh1 44. Kf6 Rf1+ 45. Ke5 Re1+ 46. Kf4 a5 47. g6 Rf1+ 48. Ke5 Kb7 49. Rg8 Re1+ 50.
Kf6 Re6+ 51. Kf7 Rd6 52. g7 Be6+ 53. Kf8 Bxg8 54. Kxg8 Rd7 55. Kf8 Rxg7 56. Kxg7 Kc6 0-1

[Event "Early-Titled-Tuesday-Blitz-January-23-2024"]
[Site "Chess.com"]
[Date "2024.01.23"]
[Round "9"]
[White "Tejas_Rama"]
[Black "tigurones"]
[Result "0-1"]
[WhiteElo "2636"]
[BlackElo "2471"]
[TimeControl "180+1"]
[EndTime "9:46:17 PST"]
[Termination "tigurones won by resignation"]

1. d4 d5 2. c4 e6 3. Nf3 Nf6 4.
Nc3 Bb4 5. cxd5 exd5 6. Bg5 h6 7. Bh4 g5 8. Bg3 Ne4 9. Rc1 h5 10. Qa4+ Nc6 11. Ne5 Bxc3+ 12. bxc3 Bd7 13. Nxd7 Qxd7 14.
f3 Nxg3 15. hxg3 O-O-O 16. e3 Qd6 17. Rb1 Qxg3+ 18. Kd1 Qd6 19. Bb5 a6 20. Bxc6 Qxc6 21. Qxc6 bxc6 22. Kd2 Kd7 23. Rb3 h4 24. Ra3 Rb8 25.
Kc2 Rb6 26. e4 Rhb8 27. Kd3 Rb2 28. Rxa6 Rxg2 29. c4 dxe4+ 30. Kxe4 Rf2 31. Rg1 f6 32. Ke3 Rbb2 33. d5 Rbe2+ 34. Kd3 Rxa2 35. dxc6+ Kd6 36.
Rxa2 Rxa2 37. Ke4 Rf2 38. Ke3 Rc2 39. f4 gxf4+ 40. Kxf4 Rxc4+ 41. Kf5 Kxc6 42. Kxf6 Kb5 43. Ke5 c5 44. Rh1 Rd4 45. Rh3 Kb4 46. Rf3 Rg4 47. Kd5 c4 48. Rh3 c3 49. Rh1 c2 50. Ke5 Kc3 51.
Kf5 Rb4 52. Kg5 Rb1 53. Rh3+ Kb2 54. Rh2 Rd1 55. Kxh4 Kb1 0-1

[Event "Early-Titled-Tuesday-Blitz-January-23-2024"]
[Site "Chess.com"]
[Date "2024.01.23"]
[Round "9"]
[White "JeFumeDesClopes"]
[Black "samirliberec"]
[Result "1-0"]
[WhiteElo "2539"]
[BlackElo "2366"]
[TimeControl "180+1"]
[EndTime "9:46:17 PST"]
[Termination "JeFumeDesClopes won by resignation"]

1. Nf3 c5 2. c4 Nc6 3. g3 g6 4.
Bg2 Bg7 5. O-O Nh6 6. Nc3 O-O 7.
d3 d6 8. Qd2 Bg4 9. h3 Bd7 10. b3 Qc8 11. Kh2 e5 12. Rb1 f5 13.
a3 a5 14. Nb5 Nf7 15. Qc2 Nd4 16. Nfxd4 exd4 17. e3 dxe3 18. Bxe3 Bc6 19. Nc3 Ne5 20. Nd5 Rf7 21. Nb6 Qf8 22. Nxa8 Bxg2 23. Kxg2 Qxa8 24. f3 h6 25. b4 cxb4 26. axb4 a4 27.
d4 Nd7 28. Ra1 b5 29. cxb5 Qd5 30. Qc6 Qb3 31. Rf2 Qxb4 32. Raa2 Bxd4 33. Bxd4 Qxd4 34. Qa8+ Kg7 35. Qxa4 Qb6 36. Qa6 Qd4 37. Rab2 Ne5 38. b6 Nd3 39. Rbd2 Qe3 40. Qxd3 Qe7 41. Qd4+ Kh7 42. Qxd6 Qb7 43. Rfe2 Kg7 44. Qe5+ Kh7 45. h4 f4 46. g4 Qa8 47. Rd6 Qf8 48. Qe6 Rg7 49.
Rd7 Qg8 50. Qxg8+ Kxg8 51. Rxg7+ Kxg7 52. b7 1-0

[Event "Early-Titled-Tuesday-Blitz-January-23-2024"]
[Site "Chess.com"]
[Date "2024.01.23"]
[Round "9"]
[White "Larina_Maria"]
[Black "kai_nov"]
[Result "0-1"]
[WhiteElo "2184"]
[BlackElo "2297"]
[TimeControl "180+1"]
[EndTime "9:46:18 PST"]
[Termination "kai_nov won by checkmate"]

1. e4 c5 2. Nc3 e6 3. Nf3 d5 4. exd5 exd5 5. Bb5+ Nc6 6. d4 c4 7. O-O Nf6 8. Ne5 Bd7 9. Re1 Be7 10. Bxc6 bxc6 11. Qe2 O-O 12. Bg5 Re8 13. Qf3 h6 14. Bh4 Rc8 15. h3 Be6 16. Rad1 Nd7 17. Bg3 Nxe5 18.
Bxe5 Bd6 19. Qg3 Bxe5 20. dxe5 Qb6 21. b3 cxb3 22. axb3 d4 23. Ne4 Kh8 24. Nd6 Qc5 25. Nxc8 Rxc8 26. Qd3 Rd8 27. Ra1 a5 28. Ra4 Bd5 29.
f3 Be6 30. Kh2 g6 31. Qd2 Bf5 32. Qxh6+ Kg8 33. Qg5 Rd7 34. Qd2 Qxc2 35. Rd1 Qxb3 36. Rxa5 d3 37. Ra8+ Kg7 38. Qg5 Qe6 39. f4 c5 40. Rd2 c4 41. Rc8 Rd5 42. Qg3 Qxc8 43. Qe3 c3 44. Rd1 d2 45. g4 Bc2 46. Rf1 d1=Q 47. Rxd1 Rxd1 48. f5 Rd2+ 49. Kg3 Rd3 50. f6+ Kg8 51. Kf4 Rxe3 52. Kxe3 Qc5+ 53. Kf4 Qd4+ 54.
Kg5 Qxe5+ 55. Kh6 Qf4+ 56. g5 Qh4# 0-1